 Dungeon Sprint DCSS version 0.29.1-12-g30fa7ad0bf (webtiles) character file.

Game seed: 12399438427826783924

5702 Groucho the Unseen (level 10, -6/43 (44) HPs)
             Began as a Spriggan Enchanter on Dec 30, 2022.
             Was a Priest of Dithmenos.
             Succumbed to a death drake's dark miasma
             ... in the Dungeon (Sprint II: "The Violet Keep of Menkaure").
             The game lasted 00:10:04 (1235 turns).

Groucho the Unseen (Spriggan Enchanter)             Turns: 1235, Time: 00:10:05

HP:   -6/43 (44)    AC:  2    Str:  8    XL:     10   Next: 48%
MP:   27/30         EV: 24    Int: 18    God:    Dithmenos [***...]
Gold: 278           SH:  0    Dex: 17    Spells: 22/39 levels left

rFire   . . .      SeeInvis +   a - +1 dagger
rCold   . . .      Faith    .   (no shield)
rNeg    . . .      Spirit   .   f - +0 robe "Cuatabov" {Fly rF- Int+2}
rPois   .          Reflect  .   (helmet restricted)
rElec   .          Harm     .   (no cloak)
rCorr   .          Rampage  .   (gloves unavailable)
Will    +....      NoTele   +   (boots unavailable)
Stlth   +++++++++.              (no amulet)
HPRegen 0.14/turn               b - ring of protection from fire
MPRegen 0.22/turn               (no ring)

@: lethally poisoned (-6 -> -96), flying, slowed, wreathed by umbra, lightly
drained, quick
A: very small, no large weapons, unfitting armour, see invisible, speed 3
a: Renounce Religion, Shadow Step


You were in the Dungeon.
You worshipped Dithmenos.
Dithmenos was most pleased with you.
You visited 1 branch You collected 1141 gold pieces.
You spent 863 gold pieces at shops.

Inventory:

Hand Weapons
 a - a +1 dagger (weapon)
Armour
 f - the +0 robe "Cuatabov" (worn) {Fly rF- Int+2}
   (You bought it in a shop in the Dungeon)

   Int:       It affects your intelligence (+2).
   rF:        It makes you vulnerable to fire.
   Fly:       It grants you flight.
 h - a +0 robe
Jewellery
 b - a ring of protection from fire (left hand)
Scrolls
 c - a scroll of poison {unknown}
Potions
 d - a potion of curing
 g - 2 potions of magic


   Skills:
 - Level 10.0 Short Blades
 * Level 10.2 Dodging
 - Level 16.0 Stealth
 - Level 15.0 Spellcasting
 * Level 5.3 Conjurations
 - Level 14.0 Hexes
 * Level 6.4 Earth Magic
 + Level 4.7 Invocations


You had 22 spell levels left.
You knew the following spells:

 Your Spells              Type           Power      Damage    Failure   Level
a - Ensorcelled Hibernat  Hex/Ice        76%        N/A       1%          2
b - Confusing Touch       Hex            59%        N/A       1%          3
c - Dazzling Flash        Conj/Hex       96%        N/A       1%          3
d - Tukima's Dance        Hex            59%        N/A       1%          3
e - Sandblast             Erth           72%        2d16      1%          1
f - Passwall              Tmut/Erth      20%        N/A       1%          2
g - Stone Arrow           Conj/Erth      68%        3d11      1%          3

Your spell library contained the following spells:

 Spells                   Type           Power      Damage    Failure   Level
 Blink                    Tloc           26%        N/A       7%          2
 Lesser Beckoning         Tloc           13%        N/A       14%         3
 Manifold Assault         Tloc           13%        N/A       78%         5


Dungeon Overview and Level Annotations

Branches:
Dungeon (1/1)

Altars:
Cheibriados
Dithmenos
Elyvilon
Fedhas
Gozag
Hepliaklqana
Kikubaaqudgha
Makhleb
Nemelex Xobeh
Okawaru
Qazlal
Ru
Sif Muna
Trog
Uskayaw
Vehumet
Wu Jian
Xom
Yredelemnul
Zin
The Shining One
Jiyva
Lugonu

Shops:
D :?![[(!(:[!(=[=

Annotations:
D exclusion: oklob plant


Innate Abilities, Weirdness & Mutations

You are very small and have problems with some larger weapons.
You are too small for most types of armour.
You have supernaturally acute eyesight. (SInv)
You cover ground extremely quickly. (Speed+++)


Message History

You reach down and open the door.
There is an open door here.
You start resting.
HP restored.
You start waiting.
Done waiting.
Really fly into a travel-excluded area?
Okay, then.
Really fly into a travel-excluded area?
You start waiting.
You're standing in a cloud of steam!
The swamp drake roars!
The death drake hisses angrily.
The swamp drake breathes poison at you.
The noxious blast engulfs the death drake but does no damage.
You start waiting.
A death drake is nearby!
Casting: Confusing Touch (safe; 1% risk of failure)
Confirm with . or Enter, or press ? or * to list all spells.
Your hands begin to glow red.
The death drake hisses angrily.
You hit the death drake but do no damage.
The death drake breathes miasma at you. The foul vapour engulfs you!
You are poisoned.
You hit the death drake but do no damage.
You are engulfed in dark miasma.
You are lethally poisoned!
You feel yourself slow down.
You feel very sick.
You hit the death drake but do no damage.
The death drake appears confused.
You are engulfed in dark miasma.
You are more poisoned.
* * * LOW HITPOINT WARNING * * *
You feel extremely sick.
You hit the death drake but do no damage.
You are engulfed in dark miasma.
You are more poisoned.
You feel as though you will be slow longer.
* * * LOW HITPOINT WARNING * * *
You die... ~.# ..#..####.#..# ~#### ##.####..'.##k# ~#..##.# ...#..#..○#### ###...####..#####.○##)# ($)??

.###'###.##..# +°○#††#▓?)(=(
..##.##...#..# #°○#..#▓?[$$?
##'.<.'.##'..####°○##.#▓))??)
..##.##...#§...###°..##▓▓▓▓▓▓▓
.###'###.##....°@k°~~~~~~~~~~~
###...####~~...°°°#'########+#
~#.)#..#~~~~~§~°§°#_._._...#~~
~##...##~~~§§~~~§~#._._._._#§~
~~##+##~~~≈§§§~~~~#_._._._.#~~
~~ ~~~~~~~≈§≈≈~§~#._._._._#~§
#+++#~≈§≈§≈≈§§#.._._._.#~§
##§§§###§§#..._._._#~S ##§§#
#§≈#...._._.#~~


You could see a death drake (confused, catching breath).

Vanquished Creatures
  A deep elf master archer (D)
  2 boulder beetles (D)
  2 hell hogs (D)
  A merfolk siren (D)
  A yaktaur (D)
  3 polar bears (D)
  A hornet (D)
  4 neqoxecs (D)
  Menkaure (D)
  A water moccasin (D)
  4 necrophages (D)
  2 spectral ball pythons (D)
23 creatures vanquished.

Notes
Turn   | Place    | Note
-------+----------+-------------------------------------------
     0 | D        | Groucho the Spriggan Enchanter began the quest for the Orb.
     0 | D        | Reached XP level 1. HP: 9/9 MP: 5/5
     3 | D        | Noticed a boulder beetle
     3 | D        | Noticed a boulder beetle
     6 | D        | Noticed a neqoxec
     6 | D        | Noticed a neqoxec
     6 | D        | Noticed a neqoxec
     6 | D        | Noticed a neqoxec
     9 | D        | Noticed a necrophage
     9 | D        | Noticed a necrophage
     9 | D        | Noticed a necrophage
     9 | D        | Noticed a necrophage
    15 | D        | Killed a necrophage
    16 | D        | Reached skill level 8 in Stealth
    16 | D        | Reached skill level 5 in Hexes
    16 | D        | Reached XP level 2. HP: 10/13 MP: 5/8
    16 | D        | Reached XP level 3. HP: 12/16 MP: 6/10
    25 | D        | Killed a necrophage
    26 | D        | Reached skill level 10 in Stealth
    26 | D        | Reached skill level 5 in Spellcasting
    26 | D        | Reached XP level 4. HP: 19/21 MP: 6/12
    26 | D        | Killed a necrophage
    27 | D        | Reached skill level 5 in Short Blades
    27 | D        | Reached skill level 11 in Stealth
    27 | D        | Reached XP level 5. HP: 22/24 MP: 6/14
    33 | D        | Reached skill level 12 in Stealth
    42 | D        | Killed a neqoxec
    43 | D        | Reached skill level 14 in Stealth
    43 | D        | Reached XP level 6. HP: 15/28 MP: 7/17
    44 | D        | Killed a neqoxec
    46 | D        | Killed a neqoxec
    47 | D        | Reached skill level 15 in Stealth
    47 | D        | Reached XP level 7. HP: 17/32 MP: 8/20
    48 | D        | Killed a neqoxec
    49 | D        | Reached skill level 16 in Stealth
    55 | D        | Noticed a merfolk siren
    58 | D        | Killed a merfolk siren
    59 | D        | Reached skill level 10 in Spellcasting
    59 | D        | Reached skill level 10 in Hexes
    59 | D        | Reached XP level 8. HP: 20/36 MP: 9/23
    69 | D        | Learned a level 2 spell: Ensorcelled Hibernation
    73 | D        | Learned a level 3 spell: Confusing Touch
    77 | D        | Learned a level 3 spell: Dazzling Flash
    81 | D        | Learned a level 3 spell: Tukima's Dance
   239 | D        | Killed a boulder beetle
   240 | D        | Reached skill level 10 in Short Blades
   369 | D        | Killed a boulder beetle
   370 | D        | Reached XP level 9. HP: 39/39 MP: 25/27
   373 | D        | Found Cihijak's Antique Weapon Shop.
   373 | D        | Found Vuco's Antique Armour Shop.
   373 | D        | Found Qayfuvy's Jewellery Shop.
   373 | D        | Found Nijanin's Distillery.
   374 | D        | Found Kiusith's Jewellery Shop.
   374 | D        | Found Jyma's Antique Weapon Boutique.
   374 | D        | Found Higrihith's Distillery.
   374 | D        | Found Zubiti's Antique Weapon Boutique.
   374 | D        | Found Ineg's Antique Armour Shop.
   374 | D        | Found Qebluosm's Armour Boutique.
   375 | D        | Found Unoetiukk's Antique Armour Boutique.
   375 | D        | Found Ceiras's Book Shop.
   375 | D        | Found Atzi's Distillery.
   375 | D        | Found Ufoygg's Magic Scroll Boutique.
   375 | D        | Noticed Menkaure
   410 | D        | Killed Menkaure
   553 | D        | Noticed an oklob plant
   553 | D        | Noticed an unseen horror
   554 | D        | Found Ruiz's Book Shoppe.
   556 | D        | Noticed an unseen horror
   558 | D        | Bought a book of Spatial Translocations for 260 gold pieces
   558 | D        | Bought a book of Geomancy for 180 gold pieces
   561 | D        | Learned a level 1 spell: Sandblast
   564 | D        | Learned a level 2 spell: Passwall
   568 | D        | Learned a level 3 spell: Stone Arrow
   643 | D        | Bought the +0 robe "Cuatabov" {Fly rF- Int+2} for 98 gold
                  | pieces
   663 | D        | Bought a ring of protection from fire for 325 gold pieces
   716 | D        | Found an opulent altar of Gozag.
   716 | D        | Found an iron altar of Okawaru.
   717 | D        | Found a sparkling altar of Nemelex Xobeh.
   717 | D        | Found a blossoming altar of Fedhas.
   718 | D        | Found a radiant altar of Vehumet.
   718 | D        | Found a white marble altar of Elyvilon.
   718 | D        | Found a burning altar of Makhleb.
   719 | D        | Found a hide-covered altar of Uskayaw.
   719 | D        | Found a corrupted altar of Lugonu.
   719 | D        | Found a shadowy altar of Dithmenos.
   720 | D        | Noticed a polar bear
   722 | D        | Found an ancient bone altar of Kikubaaqudgha.
   722 | D        | Found a bloodstained altar of Trog.
   722 | D        | Found a snail-covered altar of Cheibriados.
   722 | D        | Found a glowing silver altar of Zin.
   723 | D        | Found a viscous altar of Jiyva.
   723 | D        | Found a shimmering blue altar of Sif Muna.
   723 | D        | Found a basalt altar of Yredelemnul.
   727 | D        | Found a sacrificial altar of Ru.
   727 | D        | Found a stormy altar of Qazlal.
   727 | D        | Found an ornate altar of the Wu Jian Council.
   727 | D        | Found a hazy altar of Hepliaklqana.
   727 | D        | Found a shimmering altar of Xom.
   727 | D        | Found a glowing golden altar of the Shining One.
   731 | D        | Became a worshipper of Dithmenos the Shadowed
   753 | D        | Noticed a yaktaur
   759 | D        | Noticed a polar bear
   759 | D        | Noticed a polar bear
   760 | D        | Killed a polar bear
   761 | D        | Reached skill level 5 in Dodging
   761 | D        | Reached skill level 1 in Conjurations
   761 | D        | Reached skill level 1 in Earth Magic
   761 | D        | Reached skill level 1 in Invocations
   761 | D        | Killed a polar bear
   763 | D        | Reached * piety under Dithmenos
   764 | D        | Killed a polar bear
   766 | D        | Killed a yaktaur
   778 | D        | Noticed a deep elf master archer
   783 | D        | Killed a deep elf master archer
   783 | D        | Reached ** piety under Dithmenos
   784 | D        | Reached skill level 5 in Earth Magic
   784 | D        | Reached XP level 10. HP: 44/44 MP: 29/29
   796 | D        | Noticed a hell hog
   796 | D        | Noticed a hell hog
   798 | D        | Killed a hell hog
   803 | D        | Killed a hell hog
   804 | D        | Reached skill level 10 in Dodging
   804 | D        | Reached skill level 15 in Spellcasting
   804 | D        | Reached skill level 5 in Conjurations
   918 | D        | Reached *** piety under Dithmenos
  1046 | D        | Noticed a death drake
  1047 | D        | Noticed a death drake
  1047 | D        | Noticed a crystal guardian
  1235 | D        | Succumbed to a death drake's dark miasma

Illustrated notes

Levels and vault maps discovered:
D:        the_violet_keep_of_menkaure [sprint2_stairs_cluster_1,
          sprint2_shoproom, sprint2_temple, sprint2_basic_supplies,
          sprint2_obstacle_2, sprint2_obstacle_7, sprint2_obstacle_4,
          sprint2_obstacle_5, sprint2_obstacle_1, sprint2_timed_cluster_1,
          sprint2_smallroom_cluster_1, sprint2_smallroom_final_cluster_1,
          sprint2_transparent_cluster_1, sprint2_second_timed_cluster_1,
          sprint2_sniper_area_1, sprint2_heavy_combat_area_1,
          sprint2_mutation_trap_area_1, sprint2_forest_area_1,
          sprint2_light_combat_area_1, sprint2_behind_water_1,
          sprint2_near_end_vault_1]

Skill      XL: |  1  2  3  4  5  6  7  8  9 10 |
---------------+-------------------------------+-----
Short Blades   | 3 4 5 6 7 9 10 | 10.0
Stealth        | 8 10 11 14 15 16 | 16.0
Spellcasting   | 4 5 6 7 8 10 13 14 15 | 15.0
Hexes          | 5 6 8 9 10 13 14 | 14.0
Dodging        | 9 10 | 10.2
Conjurations   | 4 5 |  5.3
Earth Magic    | 5 6 |  6.4
Invocations    | 4 |  4.7

Action                   |  1- 3 |  4- 6 |  7- 9 | 10-12 || total
-------------------------+-------+-------+-------+-------++-------
Melee: Dagger            |    10 |    10 |    14 |    16 ||    50
 Cast: Ensorcelled Hiber |       |       |     2 |     3 ||     5
       Confusing Touch   |       |       |     1 |     2 ||     3
       Passwall          |       |       |     1 |       ||     1
  Use: Potion            |     3 |       |     1 |     1 ||     5
       Scroll            |       |       |     1 |       ||     1
 Stab: Invisible         |     2 |     1 |       |       ||     3
       Sleeping          |     1 |     3 |    11 |     2 ||    17
       Confused          |       |       |     1 |       ||     1
Armor: Robe              |     1 |       |       |     1 ||     2
Dodge: Dodged            |    11 |     2 |       |    12 ||    25
